 Dungeon Crawl Stone Soup version 0.21.0 (webtiles) character file.

84 MovingMist the Unweaver (level 4, -11/35 HPs)
             Began as a Demonspawn Abyssal Knight on Jan 5, 2018.
             Was a Follower of Lugonu.
             Mangled by a two-headed ogre
             ... wielding a +0 giant spiked club
              (14 damage)
             ... on level 1 of the Dungeon.
             The game lasted 00:04:23 (1833 turns).

MovingMist the Unweaver (Demonspawn Abyssal Knight) Turns: 1833, Time: 00:04:24

Health: -11/35     AC: 10    Str: 12    XL:     4   Next: 24%
Magic:  7/7        EV:  5    Int: 13    God:    Lugonu [*.....]
Gold:   101        SH:  0    Dex: 14    Spells: 3/3 levels left

rFire    . . .     SeeInvis .   a - +1 hand axe
rCold    . . .     Gourm    .   (no shield)
rNeg     . . .     Faith    .   e - +1 chain mail {rPois}
rPois    +         Spirit   .   (helmet restricted)
rElec    .         Reflect  .   (no cloak)
rCorr    +         Harm     .   (no gloves)
MR       .....                  g - +0 pair of boots
Stlth    ..........             (no amulet)
HPRegen  0.11/turn              j - ring of resist corrosion
MPRegen  0.10/turn              (no ring)

@: no status effects
A: horns 1, powered by death 1
a: Depart the Abyss, Renounce Religion


You were on level 1 of the Dungeon.
You worshipped Lugonu.
Lugonu was aware of your devotion.
You were not hungry.

You visited 1 branch of the dungeon, and saw 3 of its levels.
You visited the Abyss 1 time.

You collected 101 gold pieces.

Inventory:

Hand Weapons
 a - a +1 hand axe (weapon)
Armour
 e - a +1 chain mail of poison resistance (worn)
 g - a +0 pair of boots (worn)
Jewellery
 j - a ring of resist corrosion (left hand)
Scrolls
 d - 2 scrolls of teleportation {unknown}
 h - a scroll of identify {unknown}
 i - a scroll of blinking {unknown}
 m - a scroll of immolation {unknown}
 n - a scroll of remove curse {unknown}
Potions
 b - a potion of magic {unknown}
 f - a potion of curing {unknown}
 k - a potion of agility {unknown}
 l - a potion of flight {unknown}
Comestibles
 c - 2 rations
 o - 3 chunks of flesh


   Skills:
 + Level 3.4 Fighting
 + Level 2.4 Axes
 + Level 2.2 Armour
 - Level 1.1 Dodging
 - Level 0.4 Spellcasting
 * Level 4.1 Invocations


You had 3 spell levels left.
You didn't know any spells.

Dungeon Overview and Level Annotations

Branches:
Dungeon (3/15)

Altars:
Cheibriados
The Shining One


Innate Abilities, Weirdness & Mutations

You have a pair of small horns on your head.
You regenerate a little health from kills.


Message History

The two-headed ogre closely misses you. The two-headed ogre barely misses you.
You climb upwards.
There is a stone staircase leading down here.
There is a stone staircase leading up here.
You climb upwards.
There is a stone staircase leading down here.
Eating one of 4 chunks of flesh.
You eat one of the 4 chunks of flesh.
This raw flesh tastes terrible.
There is a stone staircase leading down here.
You climb downwards.
There is a stone staircase leading up here.
The two-headed ogre hits you with a giant spiked club.
The two-headed ogre hits you with a giant club!
* * * LOW HITPOINT WARNING * * *
You climb upwards.
There is a stone staircase leading down here.
There is a stone staircase leading down here.
There is a stone staircase leading down here.
The two-headed ogre hits you with a giant spiked club!
You die...

#.# #.# #####.##### #.#(#.#.#
#.# #.# #.........# #...).#.#
#.# #.# #.........# #.#.#.#.#
..# #.# #..#...##.###.#####.#
..#
##.######..##.###..##.......#
..#
#..>..............#........##
..#
#.####P.#..##.###..#########
..###..#..P.#..##O###.##
..##....P♣♣P#...@.[...#
..##.P..♣♣..##........#
..##...♣PP.######.############
..##.P.♣.♣.# ##.###........#
###.PP♣P.P# #.......#####.#
#.P♣PP..# #..###..#####.#
#...PP..## #..#....>..##.#
#..P.....# ##....#........#
##.#####.# #.[...##.##.####


You could see a two-headed ogre.

Vanquished Creatures
  2 adders
  2 worms (D:2)
  5 dart slugs
  2 leopard geckos (D:1)
  3 bats
  8 goblins
  7 hobgoblins
  4 jackals (D:3)
  A frilled lizard (D:1)
  8 kobolds
  4 rats
46 creatures vanquished.

Notes
Turn   | Place    | Note
-------+----------+-------------------------------------------
     0 | Abyss:1  | MovingMist the Demonspawn Abyssal Knight began the quest for the Orb.
     0 | Abyss:1  | Reached XP level 1. HP: 18/18 MP: 2/2
     0 | D:1      | Escaped the Abyss
   134 | D:1      | Reached skill level 1 in Dodging
   154 | D:1      | Gained mutation: You have a pair of small horns on your head. [demonic ancestry]
   154 | D:1      | Reached XP level 2. HP: 19/24 MP: 4/4
   188 | D:1      | Reached * piety under Lugonu
   284 | D:1      | Reached skill level 3 in Invocations
   741 | D:1      | Gained mutation: You regenerate a little health from kills. [demonic ancestry]
   741 | D:1      | Reached XP level 3. HP: 28/29 MP: 5/5
  1251 | D:2      | Found a snail-covered altar of Cheibriados.
  1293 | D:2      | Found a faded altar of an unknown god.
  1547 | D:2      | Found a glowing golden altar of the Shining One.
  1749 | D:3      | Reached skill level 4 in Invocations
  1749 | D:3      | Reached XP level 4. HP: 31/35 MP: 5/7
  1782 | D:3      | Noticed a two-headed ogre
  1815 | D:2      | HP: 1/35 [two-headed ogre/giant spiked club (15)]
  1833 | D:1      | Mangled by a two-headed ogre

Skill      XL: |  1  2  3 |
---------------+----------+-----
Dodging        | 1 |  1.1
Invocations    | 3 4 |  4.1
Axes           | 2 |  2.4
Armour         | 2 |  2.2
Fighting       | |  3.4
Spellcasting   | |  0.4

Action                   |  1- 3 |  4- 6 || total
-------------------------+-------+-------++-------
Melee: Hand axe          |   147 |    35 ||   182
       Headbutt          |    22 |     3 ||    25
Invok: Depart the Abyss  |     1 |       ||     1
  Eat: Chunk             |     2 |     1 ||     3
Armor: Ring mail         |    16 |       ||    16
       Chain mail        |    73 |    33 ||   106
Dodge: Dodged            |    40 |    12 ||    52
